 Dungeon Crawl Stone Soup version bcrawl-1.37.2 (webtiles) character file.

Game seed: 12050975241698882361

226161 Mehrunes the Arsonist (level 9, -2/57 HPs)
             Began as a Mummy Fire Elementalist on Nov 1, 2022.
             Was an Initiate of Gozag.
             Slain by a warg (5 damage)
             ... on level 7 of the Dungeon.
             The game lasted 00:15:40 (8638 turns).

Mehrunes the Arsonist (Mummy Fire Elementalist)     Turns: 8638, Time: 00:15:41

Health: -2/57      AC:  9    Str: 11    XL:     9   Next: 52%
Magic:  0/15       EV: 12    Int: 18    God:    Gozag
Gold:   754        SH:  0    Dex: 12    Spells: 3/16 levels left

rFire    x . .     GDR:     24% j - +0 mace (protect)
rCold    + . .     SeeInvis .   (no shield)
rNeg     + + +     Gourm    .   a - +0 robe
rPois    ∞         Faith    .   (no helmet)
rElec    .         Spirit   +   (no cloak)
rCorr    .         Reflect  .   (no gloves)
MR       +....     Clarity  +   (no boots)
Stlth    ++........             m - amulet of guardian spirit
HPRegen  0.19/turn              (no ring)
MPRegen  0.14/turn              (no ring)

@: protection aura
A: no food or potions, fire vulnerability, clarity, cold resistance 1, negative
energy resistance 3, torment resistance, unbreathing, strong hexes 1
a: Potion Petition, Call Merchant, Bribe Branch, Renounce Religion


You were on level 7 of the Dungeon.
You worshipped Gozag.
Gozag was pleased with you.
You were not hungry.

You visited 1 branch of the dungeon, and saw 8 of its levels.

You collected 1312 gold pieces.
You paid 558 gold pieces to Gozag.

Inventory:

Hand Weapons
 e - a +0 dagger
 j - a +0 mace of protection (weapon)
 r - a +3 whip
Missiles
 d - 1343 stones
 o - 153 poisoned tomahawks (quivered)
Armour
 a - a +0 robe (worn)
Jewellery
 m - an amulet of guardian spirit (around neck)
 q - the ring "Teca Hin" {Ice Stlth+}
   (You found it on level 3 of the Dungeon)

   [ring of ice]

   It enhances your ice magic.
   It makes you vulnerable to fire.
   It protects you from cold.
   It makes you more stealthy.
Wands
 c - a wand of flame (4)
Scrolls
 b - 2 scrolls of enchant weapon
 f - 4 scrolls of remove curse
 g - 2 scrolls of teleportation {unknown}
 h - 2 scrolls of fog {unknown}
 i - 2 scrolls of identify
 k - 2 scrolls of blinking {unknown}
 l - 2 scrolls of immolation {unknown}
 n - 2 scrolls of fear {unknown}
 p - 2 scrolls of amnesia {unknown}


   Skills:
 - Level 1.5 Dodging
 - Level 2.1 Stealth
 - Level 4.0 Spellcasting
 + Level 7.7 Conjurations
 + Level 8.1 Fire Magic


You had 3 spell levels left.
You knew the following spells:

 Your Spells              Type           Power        Failure   Level  Hunger
a - Flame Tongue          Conj/Fire      ####.        1%          1    N/A
b - Conjure Flame         Conj/Fire      ####....     1%          3    N/A
c - Sticky Flame          Conj/Fire      ####....     5%          4    N/A
d - Fireball              Conj/Fire      ####......   16%         5    N/A

Your spell library contained the following spells:

 Spells                   Type           Power        Failure   Level  Hunger
 Flaming Arrows           Chrm/Fire      ###.....     4%          2    N/A
 Inner Flame              Hex/Fire       N/A          9%          3    N/A

Dungeon Overview and Level Annotations

Branches:
Dungeon (8/12)             Temple (0/1) D:7            Lair (0/6) D:8
    Orc: D:8-11

Altars:
Ashenzari
Gozag
Hepliaklqana
Makhleb
Nemelex Xobeh
Qazlal
Ru
Trog

Shops:
D:6 (   D:7 !


Innate Abilities, Weirdness & Mutations

You do not eat or drink.
Your flesh is vulnerable to fire.
You are immune to poison.
You possess an exceptional clarity of mind.
Your flesh is cold resistant. (rC+)
You are immune to negative energy. (rN+++)
You are immune to unholy pain and torment.
You can survive without breathing.
Your hexes are more powerful.


Message History

The poisoned tomahawk barely misses the warg.
The warg bites you.
* * * LOW HITPOINT WARNING * * *
The warg bites you.
* * * LOW HITPOINT WARNING * * *
Casting: Sticky Flame (safe; 5% risk of failure)
Confirm with . or Enter, or press ? or * to list all spells.
You don't have enough magic to cast that spell.
You barely miss the warg.
The warg is almost dead.
The warg misses you. The warg closely misses you.
You hit the warg.
The warg is almost dead.
The warg bites you!
* * * LOW HITPOINT WARNING * * *
You closely miss the warg.
The warg is almost dead.
The warg closely misses you. The warg bites you.
You die...
Your body crumbles into a pile of gold.

...####...###
............#
............#
#...........#
#######...###
#.........#
#.........#
##.........#######
.+.............h@#
##.........#.#####
#.....(...#.#
#.........#.#
#.........#.#
#.........#.#
##.........#.######
..##########......#
..# ######.#


You could see a warg.

Vanquished Creatures
  Prince Ribbit (D:5)
  A crocodile (D:7)
  An orc warrior (D:7)
  3 ice beasts
  A sky beast (D:5)
  A necrophage (D:6)
  2 ogres
  5 bullfrogs
  2 centaurs
  A scorpion (D:7)
  6 killer bees (D:6)
  3 wights (D:7)
  3 orc priests (D:7)
  5 crimson imps
  A bullfrog skeleton (D:7)
  2 hounds
  A quasit (D:5)
  5 orc wizards
  Jessica (D:2)
  An iguana (D:4)
  7 worker ants
  2 hound zombies
  A mummy (D:4)
  A worker ant zombie (D:5)
  6 adders
  3 gnolls (D:4)
  An ooze (D:2)
  5 worms (D:2)
  A dart slug (D:4)
  5 leopard geckos
  14 orcs
  2 ball pythons
  7 giant cockroaches
  9 goblins
  8 hobgoblins
  10 jackals
  2 quokkas (D:4)
  4 bats
  2 frilled lizards
  A goblin zombie (D:4)
  A hobgoblin zombie (D:4)
  12 kobolds
  6 rats
156 creatures vanquished.

Notes
Turn   | Place    | Note
-------+----------+-------------------------------------------
     0 | D:1      | Mehrunes the Mummy Fire Elementalist began the quest for
                  | the Orb.
     0 | D:1      | Reached XP level 1. HP: 13/13 MP: 4/4
     8 | D:1      | Reached skill level 1 in Conjurations
   193 | D:1      | Reached XP level 2. HP: 15/19 MP: 0/6
   733 | D:1      | Reached XP level 3. HP: 21/24 MP: 1/7
  1112 | D:1      | Learned a level 3 spell: Conjure Flame
  1180 | D:2      | Noticed Jessica
  1265 | D:2      | Killed Jessica
  1266 | D:2      | Reached skill level 3 in Fire Magic
  1266 | D:2      | Reached XP level 4. HP: 30/30 MP: 5/9
  1303 | D:2      | Found a bloodstained altar of Trog.
  1313 | D:2      | Found an opulent altar of Gozag.
  1365 | D:2      | Became a worshipper of Gozag Ym Sagoz the Greedy
  1460 | D:2      | Found a sparkling altar of Nemelex Xobeh.
  2391 | D:3      | Reached XP level 5. HP: 29/35 MP: 1/11
  2544 | D:3      | Learned a level 4 spell: Sticky Flame
  2808 | D:3      | Got a faintly glowing ivory ring
  2894 | D:4      | Identified the ring "Teca Hin" {Ice Stlth+} (You found it
                  | on level 3 of the Dungeon)
  3018 | D:4      | Noticed an ogre
  3034 | D:4      | Killed an ogre
  3035 | D:4      | Reached skill level 4 in Fire Magic
  3035 | D:4      | Reached XP level 6. HP: 40/41 MP: 1/12
  3787 | D:4      | Found a burning altar of Makhleb.
  3792 | D:4      | Reached XP level 7. HP: 42/46 MP: 9/13
  4075 | D:4      | Found a sacrificial altar of Ru.
  4075 | D:4      | Found a glowing silver altar of Zin.
  4218 | D:5      | Entered Level 5 of the Dungeon
  4225 | D:5      | Learned a level 5 spell: Fireball
  4373 | D:5      | Reached skill level 5 in Fire Magic
  4481 | D:5      | Found a shattered altar of Ashenzari.
  4507 | D:5      | Found a stormy altar of Qazlal.
  4653 | D:5      | Reached skill level 5 in Conjurations
  5106 | D:5      | Reached XP level 8. HP: 38/52 MP: 1/14
  5200 | D:5      | Noticed Prince Ribbit
  5208 | D:5      | Killed Prince Ribbit
  5209 | D:5      | Reached skill level 6 in Fire Magic
  5869 | D:6      | Found Baptugusk's Weapon Boutique.
  6301 | D:6      | Reached skill level 7 in Fire Magic
  6480 | D:6      | Found a hazy altar of Hepliaklqana.
  6606 | D:6      | Reached XP level 9. HP: 37/57 MP: 2/15
  6954 | D:7      | Found a staircase to the Ecumenical Temple.
  6957 | D:7      | Found Gasekes's Distillery.
  8016 | D:7      | Reached skill level 8 in Fire Magic
  8322 | D:7      | Found a stormy altar of Qazlal.
  8612 | D:8      | Found a staircase to the Lair.
  8638 | D:7      | Slain by a warg

Skill      XL: |  1  2  3  4  5  6  7  8  9 |
---------------+----------------------------+-----
Conjurations   | 1 2 3 4 5 6 7 |  7.7
Spellcasting   | 3 4 |  4.0
Fire Magic     | 3 4 5 7 8 |  8.1
Dodging        | |  1.5
Stealth        | |  2.1

Action                   |  1- 3 |  4- 6 |  7- 9 || total
-------------------------+-------+-------+-------++-------
Melee: Dagger            |    21 |       |       ||    21
       Mace              |     5 |     4 |   132 ||   141
Throw: Tomahawk          |       |       |    77 ||    77
       Stone             |       |       |     2 ||     2
 Cast: Flame Tongue      |    81 |   162 |   150 ||   393
       Conjure Flame     |       |     3 |     5 ||     8
       Sticky Flame      |       |       |    21 ||    21
Invok: Potion Petition   |       |       |     3 ||     3
  Use: Scroll            |       |     2 |     1 ||     3
Armor: Robe              |    28 |     8 |    58 ||    94
Dodge: Dodged            |    62 |    47 |   181 ||   290
